 Dungeon Crawl Stone Soup version 0.13-a0-2538-gc238810 (webtiles) character file.

171 JacquesDerrida the Grave Robber (level 3, 0/24 HPs)
             Began as a Demonspawn Necromancer on July 28, 2013.
             Slain by a hobgoblin
             ... wielding a +0,+0 club
              (4 damage)
             ... on Level 3 of the Dungeon.
             The game lasted 00:07:57 (3132 turns).

JacquesDerrida the Grave Robber (DsNe)              Turns: 3132, Time: 00:07:57

HP   0/24        AC  3     Str 11      XL: 3   Next: 98%
MP   6/7         EV 11     Int 16      God:
Gold 104         SH  0     Dex 13      Spells:  1 memorised,  7 levels left

Res.Fire  : . . .   See Invis. : .   m - +0 trident
Res.Cold  : . . .   Warding    : .   e - +0 leather armour
Life Prot.: . . .   Conserve   : .   (no shield)
Res.Poison: .       Res.Corr.  : .   (no helmet)
Res.Elec. : .       Clarity    : .   (no cloak)
Sust.Abil.: . .     Spirit.Shd : .   (no gloves)
Res.Mut.  : .       Stasis     : .   (no boots)
Res.Rott. : .       Flight     : .   (no amulet)
Saprovore : . . .                    (no ring)
                                     l - +2 ring of strength

@: not resistant to hostile enchantments, unstealthy
A: hooves 1, powered by death 1
a: no special abilities


You were on level 3 of the Dungeon.
You were not hungry.

You visited 1 branch of the dungeon, and saw 3 of its levels.

You collected 84 gold pieces.

Inventory:

Hand weapons
 m - a +0,+0 trident (weapon)
Missiles
 f - 8 needles of confusion
 h - 5 curare-tipped needles
 q - a dart of frost (quivered)
Armour
 a - a +0 robe
 e - a +0 leather armour (worn)
Comestibles
 c - 2 bread rations
Scrolls
 d - 3 scrolls of identify {unknown}
 g - 2 scrolls of remove curse {unknown}
 j - a scroll of enchant armour {unknown}
 n - a scroll of blinking {unknown}
 o - a scroll of fear {unknown}
 p - a scroll of curse jewellery {unknown}
Jewellery
 l - a +2 ring of strength (left hand)
Potions
 i - a potion of curing {unknown}
 k - a potion of restore abilities {unknown}
Books
 b - a book of Necromancy

   Spells                             Type                      Level
   *Pain                              Necromancy                   1
   Animate Skeleton                   Necromancy                   1
   Lethal Infusion                    Charms/Necromancy            2
   Vampiric Draining                  Necromancy                   3
   Regeneration                       Charms/Necromancy            3
   Animate Dead                       Necromancy                   4
   Control Undead                     Necromancy                   4


   Skills:
 - Level 1.7 Dodging
 - Level 1.7 Stealth
 * Level 3.0 Spellcasting
 + Level 5.0 Necromancy


You had 7 spell levels left.
You knew the following spells:

 Your Spells              Type           Power        Failure   Level  Hunger
a - Pain                  Necr           ###.         2%          1    #......


Dungeon Overview and Level Annotations

Branches:
Dungeon (3/27)

Altars:
Ashenzari


Innate Abilities, Weirdness & Mutations

You have large cloven feet.
You can steal the life force of nearby defeated enemies.


Message History

Aiming: Pain
Press: ? - help, Shift-Dir - straight line, f/p - worm
Aim: a worm The worm easily resists.
Attack whom?
Press: ? - help, Dir - move target cursor, f/p - worm
Aim: a worm You reach to attack!
You hit the worm.
The worm is lightly wounded.
Attack whom?
Press: ? - help, Dir - move target cursor, f/p - worm
Aim: a worm (lightly wounded)
You reach to attack!
You hit the worm.
The worm is moderately wounded.
You barely miss the worm. You kick the worm, but do no damage.
The worm is moderately wounded.
The worm bites you!
* * * LOW HITPOINT WARNING * * *
You barely miss the hobgoblin. The hobgoblin hits you with a club.
You die...

#.# ### #.# #.#. . )..##.###
..#.. #.# #...... g....# ##.#
###..... ....... . ..#
#.....# ..... # r
#.######.....### ... ..) .
##..............####.#...###
.
##...#####..@gw......(.......
.
#..............######.######.
. #....########### :# .
#.#.#######. .#
.####.........._ .#
........#######. .# .####..##
## . #..#### . #.....#


You could see a worm and a hobgoblin.

Vanquished Creatures
  2 worms
  2 ball pythons (D:1)
  10 bats
  A giant cockroach (D:2)
  7 goblins
  5 hobgoblins
  3 quokkas
  2 giant geckos
  2 giant newts (D:2)
  3 jackals (D:1)
  4 kobolds
  8 rats
49 creatures vanquished.

Notes
Turn   | Place    | Note
--------------------------------------------------------------
     0 | D:1      | JacquesDerrida, the Demonspawn Necromancer, began the quest for the Orb.
     0 | D:1      | Reached XP level 1. HP: 13/13 MP: 3/3
     4 | D:1      | stonewall: Тонковат тролль
     7 | D:1      | JacquesDerrida: )))
     7 | D:1      | JacquesDerrida: Это верно
   212 | D:1      | JacquesDerrida: Я прошлого демонспона убил
   212 | D:1      | JacquesDerrida: Вышел
   212 | D:1      | JacquesDerrida: Лень было абисс проходить
   212 | D:1      | stonewall: В аду?
   212 | D:1      | stonewall: А
   212 | D:1      | JacquesDerrida: А у него был дабл сорд вампирский
   212 | D:1      | stonewall: А мне абисс нравится
   212 | D:1      | JacquesDerrida: D: D: D:
   212 | D:1      | JacquesDerrida: Уже второй раз вышел в абиссе
   212 | D:1      | JacquesDerrida: Первый раз птицей
   212 | D:1      | JacquesDerrida: В лабе утка из-за угла вышла!
   212 | D:1      | JacquesDerrida: И все
   212 | D:1      | JacquesDerrida: Тю-тю
   307 | D:1      | stonewall: В прошлый раз у меня в абиссе сервер упал
   562 | D:1      | stonewall: Пришлось ждать утра и писать админу в ирке, лол
   562 | D:1      | JacquesDerrida: Абисс сломался?
   562 | D:1      | JacquesDerrida: А жаль
   562 | D:1      | JacquesDerrida: Было бы хорошо
   562 | D:1      | stonewall: А потом один раз вылетело, да
   562 | D:1      | JacquesDerrida: Абисс бы стал чем-нибудь получше
   562 | D:1      | JacquesDerrida: Например, пирогом
   571 | D:1      | Gained mutation: You have large cloven feet. [demonic ancestry]
   571 | D:1      | Reached XP level 2. HP: 14/19 MP: 1/4
   615 | D:1      | stonewall: На пару тысяч ходов назад откатило
   629 | D:1      | stonewall: Сумашествие
   868 | D:1      | stonewall: с*
  1189 | D:1      | JacquesDerrida: Это пеин или дреин?
  1189 | D:1      | stonewall: drain
  1189 | D:1      | JacquesDerrida: щииииет
  1189 | D:1      | JacquesDerrida: сакс
  1189 | D:1      | stonewall: Не-а
  1256 | D:1      | stonewall: Хороший бранд
  1385 | D:1      | JacquesDerrida: Но не пеин же
  1385 | D:1      | JacquesDerrida: А было бы хорошо
  1446 | D:2      | stonewall: Все равно мало некромантии
  1471 | D:2      | Gained mutation: You can steal the life force of nearby defeated enemies. [demonic ancestry]
  1471 | D:2      | Reached XP level 3. HP: 6/24 MP: 1/6
  2615 | D:3      | Reached skill level 5 in Necromancy
  2936 | D:3      | Noticed a centaur
  2942 | D:3      | Found a shattered altar of Ashenzari.
  3132 | D:3      | Slain by a hobgoblin

Action                   || total
-------------------------++-------
Melee: Unarmed           ||    28
       Mace              ||    21
       Trident           ||    69
       Falchion          ||     5
 Cast: Pain              ||    57
 Stab: Sleeping          ||     1
